 Dungeon Crawl Stone Soup version 0.31-a0-1321-g5021b54 (webtiles) character file.

Game seed: 6421700336536144467

61 Meow the Conjurer (level 4, 36/36 HPs)
             Began as a Naga Conjurer on Dec 20, 2023.
             Quit the game on level 2 of the Dungeon.
             The game lasted 00:03:14 (1225 turns).

Meow the Conjurer (Naga Conjurer)                   Turns: 1225, Time: 00:03:14

Health: 36/36      AC:  3    Str:  9    XL:     4   Next: 7%
Magic:  3/8        EV:  9    Int: 20    God:
Gold:   55         SH:  0    Dex: 10    Spells: 6/9 levels left

rFire   . . .        a - +0 sling
rCold   . . .        (no shield)
rNeg    . . .        f - +0 robe
rPois   +            (no helmet)
rElec   .            (no cloak)
rCorr   .            k - +0 pair of gloves {hurl}
SInv    +            (no barding)
Will    .....        (no amulet)
Stlth   ++           (no ring)
HPRegen 0.26/turn    (no ring)
MPRegen 0.11/turn

%: no passive effects
@: very slow
A: AC +1, large, see invisible, deformed body, poison resistance, slowness 2,
spit poison 1, naga tail 1
a: Spit Poison


You were on level 2 of the Dungeon.
You visited 1 branch of the dungeon, and saw 2 of its levels.

You collected 55 gold pieces.

Inventory:

Hand Weapons
 a - a +0 sling (weapon)
 b - a +0 mace
Missiles
 c - 23 stones
 h - 9 poisoned darts
Armour
 f - a +0 robe (worn)
 k - a +0 pair of gloves of hurling (worn)
Scrolls
 d - 3 scrolls of vulnerability
 e - a scroll of teleportation
 j - a scroll of immolation {unknown}
 l - a scroll of blinking {unknown}
Potions
 g - a potion of magic
 i - a potion of might {unknown}
 m - a potion of invisibility {unknown}


   Skills:
 - Level 1.5 Dodging
 - Level 3.0 Stealth
 + Level 3.1 Spellcasting
 + Level 4.8 Conjurations


You had 6 spell levels left.
You knew the following spells:

 Your Spells              Type           Power      Damage    Failure   Level
a - Magic Dart            Conj           88%        1d7       1%          1
b - Searing Ray           Conj           44%        2d6       3%          2

Your spell library contained the following spells:

 Spells                   Type           Power      Damage    Failure   Level
 Call Imp                 Summ           6%         N/A       22%         2
 Sublimation of Blood     Necr           3%         N/A       22%         2
 Fulminant Prism          Conj/Alch      6%         3d7       45%         4
 Iskenderun's Mystic Bla  Conj/Tloc      12%        2d5       45%         4
 Summon Hydra             Summ           1%         N/A       100%        7


Dungeon Overview and Level Annotations

Branches:
Dungeon (2/15)

Altars:


Innate Abilities, Weirdness & Mutations

Your serpentine skin is tough. (AC +1)
You have supernaturally acute eyesight. (SInv)
Armour fits poorly on your strangely shaped body.
Your system is resistant to poisons. (rPois)
You cover ground very slowly.
You can spit poison.
You have a snake-like lower body.


Message History

Aiming: Magic Dart (safe; 1% risk of failure)
Press: ? - help, Shift-Dir - straight line, f/p - quokka
Aim: a quokka (almost dead, 100% to hit)
The magic dart hits the quokka.
You kill the quokka!
Unknown command.
You have got your breath back.
You pick up a book of Blood and begin reading...
You add the spells Call Imp, Sublimation of Blood and Summon Hydra to your library.
Found a stone staircase leading up.
You see here a quokka corpse.
A kobold comes into view. It is wielding a +0 whip.
The kobold shouts!
You hear an angry hiss.
An adder comes into view.
The kobold throws a stone.
The stone closely misses you.
Aiming: Spit Poison (2% risk of failure)
Press: ? - help, Shift-Dir - straight line, f - kobold
Aim: a kobold, wielding a +0 whip and quivering stones (50% to hit)
The splash of poison misses the kobold.
Unknown command.
The kobold throws a stone.
The stone hits you but does no damage.
You see here a quokka corpse.
Casting: Magic Dart (safe; 1% risk of failure)
Confirm with . or Enter, or press ? or * to list all spells.
Aiming: Searing Ray (safe; 3% risk of failure)
Press: ? - help, Shift-Dir - straight line, p - kobold The searing ray hits the adder!
The adder is almost dead. (Press . to maintain the ray.)
You have got your breath back.
Unknown command.
The searing ray hits the adder!
You kill the adder!
The searing ray misses the kobold.
The kobold throws a stone.
The stone misses you.
You have reached level 4!
You feel agile.
The searing ray hits the kobold.
You kill the kobold!
Are you sure you want to abandon this character and quit the game? (Confirm with "yes".)

#....# #....## ...
+.....# ... #...
#.....# ..##
#...##.....# S....
..........# .....
..........# ......
##.##......####....##
...........@††.)..... #
#.####....###.#.##<#
#..#.####.#...........#
#.....................+
#.....................#
...#####.........(....#
##.....##...........#
#..<.#..#..##########
#†......#..#


There were no monsters in sight!

Vanquished Creatures
  An adder (D:2)
  3 dart slugs
  6 bats
  2 endoplasms (D:1)
  4 giant cockroaches (D:1)
  A goblin (D:1)
  4 hobgoblins (D:1)
  2 jackals (D:1)
  2 quokkas
  3 ball pythons (D:1)
  5 frilled lizards
  5 kobolds
  6 rats (D:1)
44 creatures vanquished.

Notes
Turn   | Place    | Note
-------+----------+-------------------------------------------
     0 | D:1      | Meow the Naga Conjurer began the quest for the Orb.
     0 | D:1      | Reached XP level 1. HP: 15/15 MP: 3/3
   175 | D:1      | Reached XP level 2. HP: 22/22 MP: 0/5
   178 | D:1      | Learned a level 2 spell: Searing Ray
   466 | D:1      | Reached XP level 3. HP: 28/28 MP: 2/6
  1158 | D:2      | Found a faded altar of an unknown god.
  1224 | D:2      | Reached XP level 4. HP: 36/36 MP: 4/8
  1225 | D:2      | Quit the game

Illustrated notes

Levels and vault maps discovered:
D:1:      pf_arrival_petrified_forest, layout_loops_ring, minmay_ruptured
D:2:      layout_basic, nicolae_ecumenical_pavilion,
          wander_ebering_terrifying_dragon_lair, uniq_natasha

Skill      XL: |  1  2  3 |
---------------+----------+-----
Spellcasting   | 3 |  3.1
Dodging        | |  1.5
Stealth        | |  3.0
Conjurations   | |  4.8

Action                     |  1- 3 |  4- 6 || total
---------------------------+-------+-------++-------
   Fire: Sling             |    31 |       ||    31
   Cast: Magic Dart        |    32 |       ||    32
         Searing Ray       |     4 |       ||     4
Ability: Spit Poison       |    18 |       ||    18
    Use: Scroll            |     2 |       ||     2
 Armour: Robe              |    10 |       ||    10
  Dodge: Dodged            |     9 |       ||     9

Table legend: (Time is in decaauts)
 A = Elapsed time spent in this place.
 B = Non-inter-level travel time spent in this place.
 C = Inter-level travel time spent in this place.
 D = Time resting spent in this place.
 E = Time spent auto-exploring this place.
 F = Levels seen in this place.
 G = Mean time per level.
                   A        B        C        D        E       F      G
               +--------+--------+--------+--------+--------+-----+--------+
         Total |   1491 |   1468 |     23 |    453 |    785 |   2 |  745.5 |
       Dungeon |   1491 |   1468 |     23 |    453 |    785 |   2 |  745.5 |
               +--------+--------+--------+--------+--------+-----+--------+

Top non-repeatable levels by time:
     D:1: 1417 daAuts
     D:2: 74 daAuts
